 Dungeon Sprint DCSS version 0.28.0-43-g3370ac3207 (webtiles) character file.

Game seed: 231257116718547690

25 Groucho the Covert (level 2, 0/19 HPs)
             Began as a Spriggan Enchanter on Mar 27, 2022.
             Succumbed to Ijyb's poison
             ... in the Dungeon (Sprint I: "Red Sonja").
             The game lasted 00:00:21 (18 turns).

Groucho the Covert (Spriggan Enchanter)               Turns: 18, Time: 00:00:21

Health: 0/19       AC:  2    Str:  4    XL:     2   Next: 82%
Magic:  6/6        EV: 17    Int: 16    God:
Gold:   0          SH:  0    Dex: 15    Spells: 6/6 levels left

rFire   . . .      SeeInvis +   a - +1 dagger
rCold   . . .      Faith    .   (no shield)
rNeg    . . .      Spirit   .   b - +0 robe
rPois   .          Reflect  .   (helmet restricted)
rElec   .          Harm     .   (no cloak)
rCorr   .          Rampage  .   (gloves unavailable)
Will    .....      NoTele   +   (boots unavailable)
Stlth   ..........              (no amulet)
HPRegen 0.06/turn               (no ring)
MPRegen 0.10/turn               (no ring)

@: berserking (expiring), lethally poisoned (0 -> -7), very quick
A: very small, no large weapons, unfitting armour, see invisible, speed 3
a: no special abilities


You were in the Dungeon.
You visited 1 branch

Inventory:

Hand Weapons
 a - a +1 dagger (weapon)
Armour
 b - a +0 robe (worn)
Scrolls
 i - a scroll of blinking
Potions
 c - a potion of invisibility
 e - a potion of heal wounds
 f - a potion of haste
 g - 2 potions of magic


   Skills:
 - Level 1.1 Short Blades
 - Level 2.6 Dodging
 + Level 10.0 Stealth
 - Level 2.6 Spellcasting
 - Level 3.6 Hexes


You had 6 spell levels left.
You didn't know any spells.
Your spell library contained the following spells:

 Spells                   Type           Power      Damage    Failure   Level
 Confusing Touch          Hex            13%        N/A       13%         3
 Tukima's Dance           Hex            13%        N/A       13%         3
 Ensorcelled Hibernation  Hex/Ice        14%        N/A       14%         2
 Dazzling Flash           Conj/Hex       14%        N/A       28%         3


Dungeon Overview and Level Annotations

Branches:
Dungeon (1/1)

Altars:


Innate Abilities, Weirdness & Mutations

You are very small and have problems with some larger weapons.
You are too small for most types of armour.
You have supernaturally acute eyesight. (SInv)
You cover ground extremely quickly. (Speed+++)


Message History

Ijyb zaps a wand.
You resist with significant effort.
A red film seems to cover your vision as you go berserk!
You feel yourself moving faster!
You feel mighty!
You puncture Ijyb!
Ijyb is moderately wounded.
You puncture Ijyb!
Ijyb is almost dead.
Ijyb hits you with a +1 dagger of venom.
You closely miss Ijyb.
Ijyb is almost dead.
Ijyb zaps a wand.
You suddenly lose the ability to move!
Ijyb completely misses you.
Ijyb zaps a wand.
You resist with significant effort.
You can move again.
You barely miss Ijyb.
Ijyb is almost dead.
Unknown command.
You barely miss Ijyb.
Ijyb is almost dead.
Ijyb hits you with a +1 dagger of venom.
* * * LOW HITPOINT WARNING * * *
You are lethally poisoned!
Unknown command.
You hit Ijyb.
You kill Ijyb!
* * * LOW HITPOINT WARNING * * *
You feel sick.
Your Stealth skill gained 6 levels and is now at level 10!
You have reached level 2!
* * * LOW HITPOINT WARNING * * *
You feel sick.
Items here: ) / [ †.
Unknown command.
You are too berserk!
Unknown command.
You are too berserk!
There is a lethal amount of poison in your body!
Unknown command.
You feel a strong urge to attack something.
You die...

#######
#<.#..+
#.@'..#
#..####
#..#
#..#
#..#
#⌠⌠#
####


There were no monsters in sight!

Vanquished Creatures
  Ijyb (D)
1 creature vanquished.

Notes
Turn   | Place    | Note
-------+----------+-------------------------------------------
     0 | D        | Groucho the Spriggan Enchanter began the quest for the Orb.
     0 | D        | Reached XP level 1. HP: 9/9 MP: 5/5
     2 | D        | Noticed Ijyb
    11 | D        | Paralysed by Ijyb for 2 turns
    16 | D        | Killed Ijyb
    17 | D        | Reached skill level 10 in Stealth
    17 | D        | Reached XP level 2. HP: 2/13 MP: 6/6
    18 | D        | Succumbed to Ijyb's poison

Illustrated notes

Levels and vault maps discovered:
D:        dungeon_sprint_1 [red_sonja_temple_1, red_sonja_temple_small_1]

Skill      XL: |  1 |
---------------+----+-----
Stealth        | 10 | 10.0
Short Blades   | |  1.1
Dodging        | |  2.6
Spellcasting   | |  2.6
Hexes          | |  3.6

Action                   || total
-------------------------++-------
Melee: Dagger            ||     6
  Use: Potion            ||     2
Dodge: Dodged            ||     1
